Map: Eternal Empire LE

Players

Silky

  • Race: Zerg Zerg
  • Spawn Location: 1:00

Neeb - Winner!

  • Race: Protoss Protoss
  • League: Master
  • Spawn Location: 7:00

Event: DreamHack SC2 Masters 2020 Fall

VOD

Have the link to the VOD?

Description

Time

  • Played on: Sept. 5, 2020, 5:13 p.m.
  • Length: 42:00

All games in this series

Show
View Real Time Build Order
Export as new Build Order

Silky Zerg 

Build Orders: Hatch First, Lurkers, Roach Hydra 

Get SALT Encoding   

  12  0:00  Drone  
  13  0:12  Overlord  
  13  0:17  Drone  
  14  0:31  Drone x2  
  16  0:48  Hatchery  
  15  0:52  Drone  
  15  0:55  Drone  
  17  0:59  Drone  
  18  1:09  Extractor  
  17  1:15  Spawning Pool  
  16  1:18  Drone  
  16  1:22  Drone  
  18  1:28  Drone  
  20  1:40  Drone  
  20  1:51  Overlord  
  20  2:02  Queen x2, Zergling x4  
  26  2:11  Drone x2  
  26  2:14  Metabolic Boost  
  28  2:21  Drone  
  28  2:22  Drone  
  30  2:33  Drone  
  30  2:34  Drone  
  32  2:42  Hatchery  
  31  2:47  Overlord  
  31  2:51  Drone  
  31  2:58  Queen  
  34  3:00  Drone  
  34  3:02  Drone  
  34  3:05  Drone x2  
  39  3:12  Drone  
  39  3:13  Drone, Overlord  
  39  3:16  Drone  
  41  3:23  Drone  
  41  3:26  Drone  
  41  3:27  Drone  
  44  3:33  Queen  
  46  3:42  Overlord  
  46  3:43  Drone x4  
  46  3:45  Spore Crawler  
  49  3:52  Drone, Spore Crawler  
  49  3:53  Drone  
  50  3:55  Queen  
  50  3:56  Drone  
  50  4:00  Overlord  
  50  4:01  Drone  
  54  4:05  Spore Crawler  
  52  4:11  Queen  
  52  4:12  Drone x2  
  52  4:13  Drone  
  57  4:17  Drone  
  57  4:20  Drone  
  57  4:21  Roach Warren  
  57  4:22  Drone  
  57  4:23  Drone  
  60  4:25  Drone  
  60  4:28  Drone x2  
  63  4:32  Overlord  
  63  4:37  Lair  
  62  4:40  Zergling x6  
  65  4:45  Overlord x2  
  65  4:50  Overlord  
  65  4:56  Extractor  
  65  4:57  Evolution Chamber, Extractor  
  65  4:58  Overlord  
  65  4:59  Zergling x6  
  65  5:05  Drone x2  
  66  5:07  Drone  
  66  5:08  Drone  
  66  5:12  Hatchery  
  66  5:13  Drone x2  
  66  5:14  Drone x3  
  71  5:19  Drone x4  
  76  5:22  Drone  
  76  5:24  Zerg Missile Weapons Level 1  
  76  5:27  Drone, Extractor  
  76  5:28  Drone, Extractor  
  78  5:31  Overlord  
  77  5:37  Drone x4  
  77  5:38  Drone  
  81  5:43  Glial Reconstitution  
  81  5:44  Hydralisk Den  
  81  5:49  Overlord  
  80  5:53  Drone  
  80  5:56  Overlord  
  81  5:57  Roach  
  81  5:58  Roach x4  
  81  6:02  Overlord x2  
  91  6:11  Roach x4  
  97  6:17  Hydralisk x3, Muscular Augments  
  104  6:24  Hydralisk x3  
  110  6:31  Roach x3  
  116  6:33  Zergling x6  
  116  6:34  Zergling x2  
  116  6:36  Ravager  
  121  6:40  Zergling x8  
  121  6:41  Zergling x2  
  121  6:43  Ravager  
  123  6:56  Roach  
  123  6:57  Roach x6  
  123  7:00  Roach x3  
  132  7:06  Overlord  
  120  7:12  Roach x6  
  120  7:13  Roach  
  132  7:16  Roach  
  133  7:26  Roach x2  
  133  7:27  Zergling x14  
  133  7:28  Grooved Spines  
  144  7:34  Zergling x4  
  146  7:39  Hydralisk x3  
  152  7:50  Overlord  
  152  7:51  Overlord x4  
  152  7:58  Overlord  
  151  8:10  Ravager x4  
  151  8:11  Ravager x2  
  155  8:16  Drone x18  
  150  8:30  Lurker Den  
  150  8:31  Infestation Pit  
  136  8:38  Hydralisk x2  
  124  8:48  Extractor  
  119  8:49  Hydralisk x4, Unknown  
  119  8:51  Overlord  
  126  8:59  Roach, Hatchery  
  126  9:00  Roach x3  
  126  9:01  Overlord  
  132  9:07  Queen  
  130  9:10  Hydralisk  
  130  9:11  Hydralisk x2  
  132  9:18  Hive  
  132  9:21  Drone x5  
  136  9:25  Hydralisk x3  
  142  9:33  Hydralisk x3  
  142  9:37  Extractor  
  147  9:39  Spore Crawler  
  147  9:41  Drone x3, Extractor  
  147  9:43  Hydralisk x3  
  147  9:44  Hydralisk, Spore Crawler  
  155  9:47  Spore Crawler  
  154  9:54  Drone x3  
  154  9:56  Lurker x2  
  154  9:57  Lurker  
  160  10:06  Hydralisk x4  
  164  10:10  Queen  
  170  10:14  Drone x3  
  170  10:17  Hydralisk x2, Spore Crawler  
  170  10:18  Hydralisk x2, Zergling x2  
  170  10:19  Spine Crawler x2, Zergling x12  
  183  10:24  Lurker x2  
  183  10:28  Spine Crawler  
  184  10:29  Spine Crawler  
  184  10:30  Spine Crawler  
  184  10:33  Seismic Spines  
  182  10:36  Evolution Chamber  
  182  10:40  Overlord  
  164  10:52  Drone x3  
  164  10:53  Drone x3  
  164  10:56  Zerg Missile Weapons Level 2  
  148  10:58  Drone  
  148  10:59  Drone x5, Queen  
  153  11:05  Hydralisk  
  153  11:06  Hydralisk x5  
  153  11:10  Drone x2  
  153  11:11  Drone  
  168  11:15  Lurker x3  
  171  11:21  Spire  
  171  11:23  Spire  
  169  11:28  Spine Crawler x2  
  169  11:29  Spine Crawler  
  166  11:34  Drone x3  
  166  11:35  Zerg Ground Armor Level 1  
  166  11:39  Drone x3  
  172  11:40  Overseer  
  172  11:45  Lurker x4  
  176  11:47  Pneumatized Carapace  
  176  11:49  Overseer  
  176  11:55  Zergling x18  
  176  11:59  Spore Crawler  
  178  12:02  Adaptive Talons  
  178  12:14  Overseer  
  169  12:32  Viper x3  
  173  12:40  Zerg Flyer Armor Level 1, Zerg Flyer Weapons Level 1  
  164  12:45  Corruptor x3  
  164  12:46  Corruptor  
  164  12:50  Drone x3  
  164  12:51  Drone  
  175  12:54  Drone x5  
  179  12:59  Spore Crawler  
  179  13:00  Drone x4, Spore Crawler x3  
  179  13:01  Spore Crawler x3  
  179  13:02  Spore Crawler x3  
  179  13:04  Spore Crawler x2  
  171  13:06  Corruptor x3  
  171  13:12  Hatchery  
  176  13:19  Ultralisk Cavern, Corruptor x3  
  181  13:21  Overseer x2  
  179  13:42  Corruptor  
  179  13:43  Corruptor x5  
  179  13:46  Drone x4  
  194  13:52  Spine Crawler x2  
  190  14:05  Drone x3  
  190  14:07  Chitinous Plating  
  190  14:08  Spore Crawler x2  
  190  14:09  Spore Crawler  
  190  14:17  Lurker x4  
  194  14:27  Drone x4  
  194  14:29  Drone  
  194  14:30  Drone  
  200  14:34  Zerg Flyer Weapons Level 2, Greater Spire  
  200  14:54  Spore Crawler  
  200  14:55  Spore Crawler  
  200  14:56  Lurker x3, Spore Crawler  
  200  14:57  Spore Crawler  
  200  14:58  Hatchery  
  196  15:13  Corruptor  
  198  15:24  Unknown  
  198  15:26  Anabolic Synthesis  
  197  15:36  Hatchery  
  197  15:41  Spore Crawler  
  195  15:51  Zerg Ground Armor Level 2, Zerg Flyer Armor Level 2  
  195  15:52  Zerg Melee Weapons Level 1  
  195  15:55  Evolution Chamber  
  194  16:01  Corruptor x2  
  198  16:17  Pathogen Glands  
  198  16:18  Burrow  
  192  16:34  Viper x2  
  192  16:43  Ultralisk  
  198  16:55  Extractor  
  198  16:56  Drone x2  
  198  16:59  Overseer  
  198  17:00  Extractor  
  198  17:14  Neural Parasite  
  196  17:20  Corruptor  
  198  17:28  Spine Crawler  
  194  17:30  Spine Crawler  
  194  17:32  Corruptor x3  
  194  17:35  Zerg Missile Weapons Level 3  
  199  17:42  Viper x2  
  196  17:59  Zergling x2  
  196  18:00  Zergling x4  
  199  18:08  Zerg Flyer Weapons Level 3  
  199  18:09  Zerg Flyer Armor Level 3, Evolution Chamber x2  
  199  18:10  Evolution Chamber, Zerg Melee Weapons Level 2, Drone, Zerg Ground Armor Level 3  
  199  18:11  Drone x2, Evolution Chamber  
  198  18:13  Drone  
  199  18:41  Overlord x3  
  199  18:42  Overlord x2, Overseer x6  
  199  18:43  Hatchery  
  195  19:29  Drone x3  
  198  19:37  Extractor  
  185  19:53  Ultralisk x2  
  197  20:11  Extractor  
  197  20:12  Drone x2  
  197  20:13  Spore Crawler x4  
  191  20:14  Drone, Spore Crawler  
  191  20:16  Spore Crawler x2  
  189  20:27  Spore Crawler  
  189  20:28  Spore Crawler  
  187  20:35  Corruptor x4  
  187  20:36  Evolution Chamber x2, Corruptor x2  
  187  20:37  Evolution Chamber  
  187  20:41  Drone x2, Baneling Nest  
  194  21:16  Zergling x10  
  199  21:27  Centrifical Hooks  
  199  21:29  Spore Crawler  
  199  21:30  Spore Crawler  
  199  21:31  Spore Crawler x2  
  199  21:32  Spore Crawler x2  
  193  21:33  Drone x3  
  193  21:34  Zergling x6  
  193  21:39  Baneling x12  
  199  22:00  Drone, Baneling x9  
  200  22:13  Queen  
  200  22:19  Zerg Melee Weapons Level 3  
  191  22:40  Corruptor x4  
  199  22:52  Extractor  
  199  22:53  Extractor  
  191  22:58  Overseer x3  
  191  22:59  Overseer x2  
  191  23:01  Zergling x24  
  170  23:21  Ultralisk x4  
  170  23:22  Ultralisk  
  170  23:26  Baneling x9  
  170  23:27  Baneling x3  
  191  23:30  Overseer  
  191  23:34  Drone x3  
  194  23:38  Corruptor x2  
  194  23:39  Corruptor  
  199  23:58  Spine Crawler  
  199  24:00  Spine Crawler  
  197  24:07  Spire  
  156  24:36  Viper x3  
  156  24:37  Corruptor x10  
  181  24:41  Zergling x2, Ultralisk x2  
  181  24:42  Zergling x28  
  200  25:21  Baneling x13  
  190  26:05  Overlord x3  
  190  26:06  Overlord  
  187  26:21  Corruptor x2  
  187  26:24  Baneling x10  
  191  26:28  Overseer  
  191  26:32  Zergling x18  
  197  27:15  Zergling x2, Ultralisk x2  
  187  27:16  Zergling x24  
  200  27:43  Viper x2  
  199  27:48  Baneling x25  
  199  27:50  Overseer x3  
  199  27:51  Overseer  
  198  28:08  Overseer x2  
  198  28:09  Overseer  
  198  28:21  Zergling x2  
  199  28:33  Spore Crawler  
  198  28:34  Spore Crawler x3  
  155  29:18  Overlord x4  
  155  29:19  Overlord x2  
  147  29:37  Ultralisk x3  
  147  29:38  Zergling x34  
  179  29:42  Overlord  
  169  29:55  Zergling x12  
  169  29:59  Queen x2  
  178  30:03  Viper x2  
  182  30:07  Overlord x4  
  178  30:19  Baneling x4  
  178  30:20  Baneling x9  
  178  30:40  Hatchery  
  177  30:43  Zergling x36, Hatchery  
  193  31:13  Zergling x14  
  198  31:35  Zergling x6  
  147  32:04  Viper x3  
  147  32:07  Ultralisk x6  
  147  32:08  Zergling x26  
  182  32:13  Ultralisk  
  172  32:18  Brood Lord x4  
  178  32:26  Brood Lord x2  
  179  32:31  Corruptor  
  179  32:33  Overlord x4  
  181  32:38  Baneling x13  
  181  32:46  Overlord x2  
  181  32:52  Brood Lord  
  183  33:00  Corruptor x4  
  191  33:06  Zergling x2  
  191  33:07  Zergling x16  
  193  34:07  Zergling x18  
  189  35:13  Queen x4  
  197  35:29  Hatchery  
  197  35:32  Extractor  
  150  36:11  Zergling x20  
  150  36:12  Zergling x10  
  151  36:24  Zergling x2  
  151  36:25  Zergling x6  
  155  36:31  Queen x4  
  163  36:50  Viper  
  164  36:57  Hatchery  
  163  37:02  Brood Lord  
  163  37:05  Zergling x28  
  172  37:42  Overseer  
  172  37:43  Overseer x2  
  172  37:44  Overseer  
  172  37:51  Hatchery  
  171  37:58  Corruptor  
  153  39:24  Hatchery  
  153  39:25  Drone x2  
  154  39:49  Overseer  
  146  39:54  Zergling x4  
  148  40:06  Corruptor  
  150  40:18  Drone  
  150  40:19  Drone  
  152  40:24  Drone  
  152  40:25  Spore Crawler x3  
  150  40:37  Drone  
  150  40:53  Drone x3, Extractor  
Show
View Real Time Build Order
Export as new Build Order

Neeb Protoss - Winner!

Build Orders: 1 Gate Expand, Oracle Opening, Archon Immortal 

Get SALT Encoding   

  12  0:00  Probe  
  13  0:12  Probe  
  14  0:19  Pylon  
  14  0:24  Probe  
  15  0:37  Probe (Chrono Boost)  
  15  0:41  Gateway  
  16  0:46  Probe (Chrono Boost)  
  17  0:50  Assimilator  
  17  0:52  Probe  
  18  1:04  Probe  
  19  1:16  Probe  
  20  1:27  Nexus  
  20  1:38  Cybernetics Core  
  20  1:39  Probe  
  21  1:46  Assimilator  
  21  1:51  Probe  
  22  1:55  Pylon  
  22  2:03  Probe (Chrono Boost)  
  23  2:11  Adept (Chrono Boost)  
  23  2:15  Probe (Chrono Boost)  
  26  2:20  Probe (Chrono Boost)  
  27  2:26  Stargate  
  28  2:30  Probe  
  28  2:34  Adept  
  30  2:39  Warp Gate  
  30  2:44  Probe (Chrono Boost)  
  32  2:45  Probe (Chrono Boost)  
  32  2:55  Probe (Chrono Boost)  
  32  2:57  Probe (Chrono Boost)  
  34  2:59  Probe (Chrono Boost)  
  35  3:06  Probe  
  35  3:07  Oracle (Chrono Boost)  
  35  3:09  Pylon  
  35  3:10  Probe  
  40  3:15  Gateway  
  40  3:18  Probe  
  41  3:22  Probe  
  42  3:28  Void Ray (Chrono Boost)  
  42  3:30  Probe  
  43  3:34  Probe  
  43  3:39  Pylon  
  48  3:42  Probe  
  48  3:46  Probe  
  50  3:54  Nexus  
  50  3:57  Pylon  
  50  3:59  Probe  
  51  4:02  Pylon  
  51  4:04  Probe  
  52  4:12  Probe  
  52  4:14  Assimilator  
  52  4:15  Assimilator  
  52  4:17  Probe  
  54  4:22  Forge  
  54  4:25  Twilight Council, Probe (Chrono Boost)  
  54  4:28  Sentry  
  57  4:31  Shield Battery, Sentry  
  57  4:33  Probe (Chrono Boost)  
  61  4:39  Pylon  
  61  4:43  Probe x2 (Chrono Boost)  
  62  4:48  Probe (Chrono Boost)  
  62  4:49  Probe  
  62  4:50  Protoss Ground Weapons Level 1 (Chrono Boost)  
  64  4:59  Robotics Facility, Gateway, Probe  
  65  5:01  Gateway, Charge  
  65  5:04  Probe  
  66  5:08  Probe  
  66  5:11  Probe  
  68  5:14  Sentry  
  68  5:16  Probe  
  68  5:20  Probe  
  72  5:23  Probe  
  72  5:26  Gateway  
  72  5:27  Gateway  
  73  5:32  Sentry  
  73  5:35  Probe  
  76  5:38  Probe  
  76  5:39  Gateway  
  76  5:40  Gateway  
  77  5:46  Templar Archives, Probe  
  77  5:49  Observer (Chrono Boost)  
  79  5:51  Pylon  
  79  5:52  Assimilator, Probe x2  
  79  5:56  Assimilator  
  81  5:58  Probe  
  81  6:03  Warp Prism (Chrono Boost)  
  82  6:04  Probe  
  82  6:07  Zealot x2  
  82  6:08  Pylon  
  82  6:09  Probe  
  90  6:11  Zealot  
  90  6:13  Zealot  
  90  6:15  Probe  
  95  6:25  Photon Cannon  
  95  6:26  High Templar  
  95  6:27  High Templar  
  95  6:31  Archon  
  99  6:33  Zealot x4  
  99  6:36  Pylon  
  99  6:37  Zealot, Pylon  
  109  6:47  Zealot, Immortal (Chrono Boost)  
  115  6:57  Zealot  
  115  6:58  Zealot x5  
  123  7:02  Probe x3  
  116  7:13  Psionic Storm  
  116  7:14  Probe  
  115  7:17  Protoss Ground Weapons Level 2 (Chrono Boost)  
  115  7:18  High Templar x3  
  115  7:21  Immortal (Chrono Boost)  
  123  7:39  Shield Battery, Photon Cannon  
  123  7:42  High Templar x2  
  127  7:49  High Templar  
  127  7:50  Zealot x2  
  133  7:56  Archon  
  133  8:00  Photon Cannon x2  
  133  8:03  Pylon  
  133  8:08  Pylon  
  133  8:10  Pylon  
  133  8:11  Pylon  
  133  8:12  Pylon  
  133  8:17  Shield Battery  
  133  8:18  Shield Battery  
  133  8:21  Zealot, Stalker  
  133  8:22  Zealot x2, Immortal (Chrono Boost)  
  129  8:31  Stalker  
  129  8:32  Zealot x3  
  119  8:42  Observer  
  119  8:46  High Templar x3  
  119  8:47  High Templar  
  122  8:52  Gateway  
  122  8:54  Immortal (Chrono Boost)  
  122  8:55  Zealot x4  
  133  8:59  Probe  
  121  9:20  High Templar x2  
  121  9:21  Zealot x4, High Templar x2  
  137  9:26  Nexus  
  137  9:27  Pylon  
  137  9:29  Immortal (Chrono Boost)  
  141  9:36  Photon Cannon  
  141  9:37  Shield Battery  
  141  9:39  Pylon  
  141  9:43  Archon  
  141  9:48  Zealot, High Templar x2  
  141  9:49  Zealot x2  
  151  10:01  Archon  
  151  10:02  Immortal (Chrono Boost)  
  151  10:03  Zealot  
  151  10:04  Zealot x3  
  163  10:09  Assimilator  
  163  10:12  Photon Cannon  
  163  10:13  Assimilator  
  163  10:14  Shield Battery  
  163  10:16  Probe x2, Pylon  
  163  10:17  Probe  
  166  10:22  Protoss Ground Weapons Level 3  
  166  10:26  Photon Cannon  
  166  10:28  Probe  
  167  10:47  Immortal (Chrono Boost)  
  155  11:00  Fleet Beacon  
  145  11:05  Stargate  
  145  11:08  Stargate  
  141  11:11  High Templar  
  141  11:12  Zealot x6, High Templar  
  141  11:13  Probe x2  
  141  11:18  Archon  
  159  11:19  Observer (Chrono Boost)  
  159  11:24  Photon Cannon  
  160  11:26  Photon Cannon  
  160  11:28  Shield Battery  
  160  11:29  Pylon  
  160  11:31  Protoss Air Weapons Level 1 (Chrono Boost)  
  160  11:36  Oracle (Chrono Boost)  
  163  11:42  Nexus  
  163  11:49  High Templar  
  163  11:50  Zealot x3, High Templar x3, Cybernetics Core  
  163  11:51  Zealot x2, Photon Cannon  
  181  11:54  Pylon  
  181  11:56  Archon  
  181  11:58  Unknown, Archon  
  177  12:10  Pylon  
  177  12:13  Photon Cannon  
  177  12:14  Carrier (Chrono Boost)  
  177  12:15  Carrier (Chrono Boost)  
  183  12:16  Photon Cannon  
  187  12:26  Carrier (Chrono Boost)  
  189  12:44  Protoss Air Armor Level 1 (Chrono Boost)  
  189  12:52  Photon Cannon  
  189  12:53  Photon Cannon  
  189  12:54  Shield Battery  
  189  12:55  Shield Battery  
  189  12:57  Pylon  
  189  13:02  Tempest (Chrono Boost)  
  189  13:03  Tempest (Chrono Boost)  
  199  13:09  Stargate  
  199  13:15  Stargate  
  197  13:22  Protoss Air Weapons Level 2 (Chrono Boost)  
  197  13:37  Photon Cannon  
  197  13:38  Photon Cannon  
  197  13:40  Photon Cannon  
  195  13:42  Photon Cannon  
  195  13:46  Photon Cannon  
  195  13:47  Photon Cannon  
  191  13:49  Shield Battery  
  191  13:51  Shield Battery  
  181  14:00  Tempest x3  
  194  14:17  Tempest  
  194  14:18  Protoss Shields Level 1 (Chrono Boost)  
  194  14:19  Photon Cannon  
  194  14:22  Photon Cannon  
  194  14:23  Photon Cannon  
  197  14:52  Pylon  
  197  14:53  Dark Shrine  
  197  14:56  Protoss Air Armor Level 2 (Chrono Boost)  
  197  14:57  Pylon  
  197  15:12  Shield Battery  
  197  15:14  Shield Battery  
  193  15:16  Shield Battery  
  193  15:18  Shield Battery  
  193  15:20  Shield Battery  
  193  15:22  Photon Cannon  
  193  15:24  Photon Cannon  
  193  15:26  Photon Cannon  
  193  15:27  Photon Cannon  
  193  15:29  Shield Battery, Unknown  
  193  15:30  Shield Battery x2  
  193  15:32  Shield Battery  
  191  15:40  Void Ray (Chrono Boost)  
  197  15:46  Void Ray (Chrono Boost)  
  197  15:53  Nexus  
  197  15:55  Pylon  
  197  15:59  Mothership (Chrono Boost)  
  189  16:08  Protoss Air Weapons Level 3 (Chrono Boost)  
  197  16:15  Shield Battery  
  197  16:16  Shield Battery  
  197  16:17  Shield Battery  
  195  16:21  Photon Cannon  
  195  16:23  Shield Battery  
  195  16:36  Void Ray  
  189  16:41  Carrier  
  199  16:53  Unknown  
  199  16:58  Void Ray x3  
  196  17:26  Protoss Air Armor Level 3 (Chrono Boost)  
  196  17:31  Oracle  
  199  18:06  Unknown  
  199  18:07  Unknown  
  199  18:18  Shield Battery  
  199  18:20  Shield Battery  
  199  18:21  Shield Battery, Nexus  
  199  18:22  Pylon  
  199  18:27  Pylon  
  199  18:38  Assimilator  
  190  18:42  Assimilator  
  190  18:46  Pylon  
  190  18:48  Tempest x2  
  177  20:09  Protoss Shields Level 2 (Chrono Boost)  
  177  20:11  Tempest x4  
  197  20:26  Photon Cannon  
  197  20:28  Photon Cannon  
  197  20:30  Photon Cannon  
  197  20:32  Photon Cannon  
  197  20:33  Photon Cannon  
  197  20:35  Shield Battery  
  197  20:36  Shield Battery  
  197  20:39  Photon Cannon  
  197  20:40  Shield Battery  
  195  20:50  Photon Cannon  
  195  20:51  Photon Cannon  
  195  20:52  Shield Battery  
  195  20:53  Shield Battery  
  195  20:55  Probe x3  
  197  20:57  Pylon  
  197  21:30  Shield Battery  
  197  21:32  Shield Battery  
  197  21:34  Shield Battery  
  197  21:36  Shield Battery x2  
  197  21:39  Shield Battery  
  197  21:52  Photon Cannon x2  
  197  21:54  Photon Cannon  
  197  21:56  Photon Cannon  
  197  21:57  Observer (Chrono Boost)  
  197  21:58  Pylon  
  198  22:06  Pylon  
  182  22:42  Pylon  
  182  22:46  Tempest x3  
  197  23:08  Shield Battery x2  
  184  23:23  High Templar x5  
  194  23:32  Observer  
  195  23:50  Pylon  
  195  23:57  Nexus  
  195  24:01  Assimilator  
  195  24:05  Assimilator  
  195  24:08  Pylon  
  195  24:13  Pylon  
  190  24:29  Archon  
  161  24:36  High Templar x4  
  169  24:38  Shield Battery  
  169  24:39  Shield Battery  
  169  24:41  Shield Battery  
  169  24:44  Shield Battery x2  
  169  24:47  Shield Battery  
  169  24:48  Shield Battery  
  169  24:51  Shield Battery, Void Ray x2  
  169  24:52  High Templar x3  
  173  24:53  High Templar  
  173  24:56  Carrier x2  
  173  24:59  Archon x2  
  197  25:04  Pylon  
  197  25:06  Shield Battery  
  197  25:10  Pylon  
  197  25:11  Oracle  
  200  25:29  Photon Cannon  
  200  25:30  Photon Cannon  
  200  25:31  Shield Battery  
  200  25:33  Shield Battery  
  200  25:35  Shield Battery  
  200  25:37  Photon Cannon x2  
  200  25:39  Shield Battery  
  200  25:52  Photon Cannon x2  
  200  25:53  Mothership (Chrono Boost)  
  200  25:56  Shield Battery  
  195  26:05  Oracle  
  198  26:24  Protoss Shields Level 3 (Chrono Boost)  
  198  26:25  Photon Cannon  
  198  26:27  Photon Cannon  
  198  26:29  Photon Cannon  
  198  26:31  Photon Cannon  
  198  26:34  Shield Battery  
  198  26:35  Shield Battery  
  198  27:43  Tempest  
  198  27:44  Tempest x2  
  200  27:51  Photon Cannon  
  200  27:55  Photon Cannon  
  200  27:56  Photon Cannon  
  200  27:58  Photon Cannon  
  200  27:59  Shield Battery  
  200  28:04  Shield Battery  
  200  28:08  Pylon  
  185  29:17  High Templar x3  
  185  29:18  High Templar  
  185  29:19  Tempest  
  193  30:04  Oracle x2  
  199  30:37  Pylon  
  199  30:53  Pylon  
  199  30:58  Shield Battery  
  199  30:59  Shield Battery  
  199  31:02  Shield Battery  
  199  31:04  Shield Battery x2  
  199  31:07  Shield Battery  
  199  31:09  Shield Battery  
  199  31:25  Photon Cannon  
  195  31:26  Photon Cannon  
  187  31:39  Nexus  
  187  31:45  Archon  
  184  31:53  High Templar  
  184  31:54  High Templar x6  
  184  32:01  Archon x3  
  176  32:11  Mothership (Chrono Boost)  
  172  32:16  High Templar x2  
  172  32:22  Void Ray x2 (Chrono Boost)  
  184  32:23  Void Ray (Chrono Boost)  
  184  32:28  Void Ray (Chrono Boost)  
  200  32:51  Assimilator  
  200  32:54  Assimilator  
  200  32:56  Photon Cannon  
  200  32:57  Photon Cannon  
  200  32:58  Photon Cannon  
  200  33:00  Photon Cannon  
  200  33:02  Photon Cannon  
  200  33:06  Shield Battery  
  200  33:08  Shield Battery  
  199  33:32  Observer (Chrono Boost)  
  200  34:36  Mothership (Chrono Boost)  
  197  35:07  Oracle x3  
  200  35:22  Photon Cannon  
  200  35:24  Photon Cannon  
  200  35:26  Photon Cannon  
  200  35:55  Void Ray x3 (Chrono Boost)  
  173  35:58  Void Ray (Chrono Boost)  
  130  36:12  High Templar x5  
  130  36:13  High Templar x4  
  111  36:27  Probe (Chrono Boost)  
  111  36:28  Probe (Chrono Boost)  
  111  36:29  Void Ray x2 (Chrono Boost)  
  111  36:30  Void Ray (Chrono Boost)  
  111  36:32  Void Ray (Chrono Boost)  
  113  36:33  Archon  
  113  36:37  Probe (Chrono Boost)  
  113  36:38  Probe (Chrono Boost), Carrier (Chrono Boost)  
  127  36:43  Probe (Chrono Boost)  
  134  36:54  Probe  
  135  37:01  Carrier x2 (Chrono Boost)  
  135  37:02  Carrier (Chrono Boost)  
  135  37:03  Zealot x6  
  135  37:04  Zealot x3, Carrier (Chrono Boost)  
  177  37:23  Tempest (Chrono Boost)  
  170  37:33  Dark Templar x4  
  172  37:45  Tempest x2 (Chrono Boost)  
  172  37:46  Tempest (Chrono Boost)  
  172  37:49  Tempest (Chrono Boost)  
  192  37:53  Tempest (Chrono Boost)  
  194  38:07  Shadow Stride  
  194  38:14  Tempest  
  197  38:39  Shield Battery  
  197  38:40  Shield Battery  
  196  38:43  Shield Battery  
  196  38:45  Shield Battery  
  196  38:48  Shield Battery  
  196  39:32  Pylon  
  196  39:40  Void Ray, Pylon  
  200  39:59  Shield Battery  
  200  40:01  Shield Battery  
  200  40:03  Shield Battery  
  200  40:05  Shield Battery  
  200  40:06  Shield Battery  
  200  40:09  Shield Battery  
  200  40:11  Shield Battery  
  200  40:14  Shield Battery  
  200  40:15  Shield Battery  
  200  40:21  Shield Battery  
  195  40:23  Void Ray x2  
  195  40:24  Void Ray  
  195  40:25  Shield Battery  
  195  40:26  Photon Cannon  
  189  40:31  Pylon  
  199  40:45  Pylon  
  199  40:52  Shield Battery  
  199  40:57  Shield Battery  
  199  40:59  Shield Battery  
  199  41:01  Shield Battery  
  199  41:02  Shield Battery  
  199  41:05  Shield Battery  
  199  41:07  Shield Battery  

Tags
 
Add a new tag
Caveats
  • Supply blocks, unpowered buildings, or Contaminate may cause inaccurate times.
  • Supply counts are checked every 10 seconds.